[Event "75th ARM-ch Women 2020"]
[Site "Yerevan"]
[Date "2020.01.12"]
[Round "1.1"]
[White "Hakobyan, Astghik"]
[Black "Avetisyan, Mariam"]
[Result "1-0"]
[ECO "B18"]
[WhiteElo "1917"]
[BlackElo "2163"]
[Annotator "ChessBase"]
[PlyCount "113"]
[EventDate "2020.01.12"]
[EventType "tourn"]
[EventCountry "ARM"]
[SourceTitle "playchess.com"]
[Source "ChessBase"]
[SourceQuality "1"]
[TimeControl "40/5400+30:1800+30"]

1. e4 c6 2. d4 d5 3. Nd2 dxe4 4. Nxe4 Bf5 5. Ng3 Bg6 6. h4 h6 7. Nf3 e6 8. Ne5 Bh7 9. Bd3 Bxd3 10. Qxd3 Nd7 11. f4 Be7 12. Nh5 Ngf6 13. Nxg7+ Kf8 14. Nxe6+ fxe6 15. Bd2 Qe8 16. O-O-O Rd8 17. Qb3 Nd5 18. Qxb7 c5 19. c4 Nxe5 20. fxe5 Rb8 21. Qa6 Nb6 22. d5 Qa4 23. Qxa4 Nxa4 24. b3 Nb6 25. Be3 Nd7 26. dxe6 Nb6 27. Rhf1+ Ke8 28. Rf7 Rd8 29. Rdf1 Rd3 30. R1f3 Rg8 31. Rxe7+ Kxe7 32. Bxc5+ Kxe6 33. Rxd3 Kxe5 34. Bxb6 axb6 35. Rd5+ Ke4 36. Rd6 Rxg2 37. Rxb6 Rxa2 38. Rxh6 Kd3 39. Kb1 Rh2 40. c5 Kc3 41. c6 Kxb3 42. Kc1 Rc2+ 43. Kd1 Rc4 44. Kd2 Kb4 45. Kd3 Kb5 46. Rd6 Rc5 47. Ke3 Kb6 48. Kf4 Kc7 49. Re6 Kd8 50. Kg4 Rc4+ 51. Kg5 Rc5+ 52. Kg6 Rc1 53. h5 Rg1+ 54. Kf7 Rh1 55. h6 Rf1+ 56. Kg7 Rg1+ 57. Rg6 1-0

[Event "75th ARM-ch Women 2020"]
[Site "Yerevan"]
[Date "2020.01.12"]
[Round "1.2"]
[White "Khachatryan, Anna"]
[Black "Ghukasyan, Siranush"]
[Result "1/2-1/2"]
[ECO "C45"]
[WhiteElo "2051"]
[BlackElo "2246"]
[Annotator "ChessBase"]
[PlyCount "88"]
[EventDate "2020.01.12"]
[EventType "tourn"]
[EventCountry "ARM"]
[SourceTitle "playchess.com"]
[Source "ChessBase"]
[SourceQuality "1"]
[TimeControl "40/5400+30:1800+30"]

1. e4 e5 2. Nf3 Nc6 3. d4 exd4 4. Nxd4 Nf6 5. Nxc6 bxc6 6. e5 Qe7 7. Qe2 Nd5 8. h4 d6 9. c4 Nb6 10. exd6 cxd6 11. Be3 Ba6 12. Qc2 Qe6 13. Nd2 Be7 14. O-O-O O-O-O 15. Bd3 g6 16. Rhe1 Qd7 17. h5 Kb8 18. g3 Rhe8 19. Kb1 f5 20. Nf3 Bf6 21. Bf4 Rxe1 22. Rxe1 Ka8 23. Bg5 Bxg5 24. Nxg5 Rb8 25. h6 d5 26. cxd5 Bxd3 27. Qxd3 cxd5 28. Qd4 Nc4 29. b3 Na3+ 30. Kb2 Nb5 31. Qg7 Qc6 32. Rc1 Qd6 33. Kb1 d4 34. Nxh7 Nc3+ 35. Ka1 Qa6 36. Rxc3 dxc3 37. Qxc3 Qf1+ 38. Kb2 Qxf2+ 39. Ka3 Qb6 40. Ng5 Qa6+ 41. Kb2 Rc8 42. Qf3+ Kb8 43. Qf4+ Ka8 44. Qf3+ Kb8 1/2-1/2

[Event "75th ARM-ch Women 2020"]
[Site "Yerevan"]
[Date "2020.01.12"]
[Round "1.3"]
[White "Gaboyan, Susanna"]
[Black "Gevorgyan, Maria"]
[Result "1-0"]
[ECO "A49"]
[WhiteElo "2205"]
[BlackElo "2187"]
[Annotator "ChessBase"]
[PlyCount "139"]
[EventDate "2020.01.12"]
[EventType "tourn"]
[EventCountry "ARM"]
[SourceTitle "playchess.com"]
[Source "ChessBase"]
[SourceQuality "1"]
[TimeControl "40/5400+30:1800+30"]

1. d4 Nf6 2. Nf3 g6 3. g3 Bg7 4. Bg2 O-O 5. O-O c5 6. d5 d6 7. c4 b5 8. cxb5 a6 9. b6 Nbd7 10. b7 Bxb7 11. Nc3 Nb6 12. e4 h6 13. Re1 Kh7 14. Rb1 a5 15. b3 e6 16. dxe6 fxe6 17. e5 Nfd5 18. Ne4 dxe5 19. Bb2 Nd7 20. h4 Qe7 21. Rc1 Rf5 22. Ba3 Rc8 23. Nfd2 N5f6 24. Nd6 Qxd6 25. Bxb7 Rf8 26. Nc4 Qc7 27. Nd6 Rxf2 28. Kxf2 Nd5+ 29. Kg1 Qxd6 30. Qd3 e4 31. Rxe4 Ne5 32. Qa6 Nf3+ 33. Kg2 Nxh4+ 34. Kh3 Qb8 35. Rxh4 Rf3 36. Rg1 Qe5 37. Bxd5 exd5 38. Bxc5 g5 39. Ra4 Qf5+ 40. Kg2 Rc3 41. Bf2 Qf3+ 42. Kh2 Qxf2+ 43. Rg2 Qf5 44. Qe2 d4 45. Rf2 Qd5 46. Qg4 Rc5 47. Rc4 Rxc4 48. bxc4 Qxc4 49. Qf5+ Kg8 50. Rc2 Qf7 51. Qxa5 Qf3 52. Qb5 Qe4 53. Re2 Qg6 54. Qe8+ Qxe8 55. Rxe8+ Kf7 56. Re2 Kg6 57. g4 Bf8 58. a4 h5 59. gxh5+ Kxh5 60. a5 d3 61. Ra2 Kg4 62. a6 Bc5 63. Rd2 Kf5 64. Rxd3 Ke6 65. Kg3 Ke7 66. Kg4 Bf2 67. Kxg5 Bc5 68. Kf5 Bf2 69. Ke5 Bb6 70. Rb3 1-0

[Event "75th ARM-ch Women 2020"]
[Site "Yerevan"]
[Date "2020.01.12"]
[Round "1.4"]
[White "Khachatryan, Veronika"]
[Black "Kursova, Maria"]
[Result "1/2-1/2"]
[ECO "B74"]
[WhiteElo "1905"]
[BlackElo "2241"]
[Annotator "ChessBase"]
[PlyCount "98"]
[EventDate "2020.01.12"]
[EventType "tourn"]
[EventCountry "ARM"]
[SourceTitle "playchess.com"]
[Source "ChessBase"]
[SourceQuality "1"]
[TimeControl "40/5400+30:1800+30"]

1. e4 c5 2. Nf3 Nc6 3. Nc3 g6 4. d4 cxd4 5. Nxd4 Bg7 6. Be3 d6 7. Be2 Nf6 8. Nb3 O-O 9. O-O Rb8 10. a4 b6 11. f4 Bb7 12. Bf3 Nd7 13. Rf2 Nc5 14. Rd2 Nxb3 15. cxb3 Qe8 16. Nb5 Rc8 17. Bg4 f5 18. exf5 gxf5 19. Bh5 Qd7 20. Bf2 Kh8 21. Rc1 Bf6 22. Bf3 Nb4 23. Rc4 Bxf3 24. Qxf3 Rxc4 25. bxc4 Rc8 26. b3 Nc6 27. h3 Qe6 28. Re2 Qf7 29. Qd3 Bg7 30. Nc3 Kg8 31. Nd5 e6 32. Nc3 Rd8 33. Nb5 d5 34. cxd5 Rxd5 35. Qc4 Qd7 36. Rc2 Ne7 37. Kh2 Kf7 38. Qe2 Nc6 39. Qh5+ Kg8 40. Rc4 a6 41. Na3 b5 42. axb5 axb5 43. Rc5 Rxc5 44. Bxc5 Nd4 45. Qd1 Qc7 46. Bxd4 Qxf4+ 47. g3 Qxd4 48. Qxd4 Bxd4 49. Nxb5 Bc5 1/2-1/2

[Event "75th ARM-ch Women 2020"]
[Site "Yerevan"]
[Date "2020.01.12"]
[Round "1.5"]
[White "Ambarjyan, Tereza"]
[Black "Arakelyan, Nare"]
[Result "0-1"]
[ECO "E91"]
[WhiteElo "1514"]
[BlackElo "1913"]
[Annotator "NA"]
[PlyCount "104"]
[EventDate "2020.01.12"]
[EventType "tourn"]
[EventCountry "ARM"]
[SourceTitle "playchess.com"]
[Source "ChessBase"]
[SourceQuality "1"]
[TimeControl "40/5400+30:1800+30"]

1. d4 Nf6 2. c4 g6 3. Nc3 Bg7 4. e4 d6 5. Nf3 O-O 6. Be2 Nc6 7. d5 Nb8 8. O-O Nbd7 9. Be3 Nc5 10. Qc2 a5 11. a3 a4 12. Nd2 Bd7 13. f4 e6 14. e5 Ne8 15. Bxc5 dxc5 16. Nf3 Qe7 17. Rad1 f6 18. Bd3 fxe5 19. Nxe5 Bxe5 20. fxe5 exd5 21. Rxf8+ Kxf8 22. Rf1+ Kg8 23. Qf2 d4 24. Ne4 Bf5 25. Qg3 Kh8 26. Ng5 Ng7 27. Be2 h6 28. Nf3 Nh5 29. Qe1 Nf4 30. Qd2 Nxe2+ 31. Qxe2 Qe6 32. Nh4 Ra6 33. Nxf5 gxf5 34. Qf3 Rb6 35. Qh5 Qxe5 36. h3 Rf6 37. Qh4 Re6 38. Qd8+ Kg7 39. Qd7+ Kg6 40. Qc8 Re8 41. Qxb7 d3 42. Qc6+ Re6 43. Qa8 Kg7 44. Qxa4 Qd4+ 45. Kh2 d2 46. Qd1 Qe5+ 47. Kg1 Qe1 48. Kh2 Qxf1 49. Qxf1 Re1 50. Qxf5 d1=Q 51. Kg3 Re3+ 52. Kh2 Qd6+ 0-1

[Event "75th ARM-ch Women 2020"]
[Site "Yerevan"]
[Date "2020.01.13"]
[Round "2.2"]
[White "Hakobyan, Astghik"]
[Black "Khachatryan, Anna"]
[Result "0-1"]
[ECO "B36"]
[WhiteElo "1917"]
[BlackElo "2051"]
[Annotator "NA RC"]
[PlyCount "84"]
[EventDate "2020.01.12"]
[EventType "tourn"]
[EventCountry "ARM"]
[SourceTitle "playchess.com"]
[Source "ChessBase"]
[SourceQuality "1"]
[TimeControl "40/5400+30:1800+30"]

1. e4 c5 2. Nf3 Nc6 3. d4 cxd4 4. Nxd4 g6 5. c4 Nf6 6. Nc3 d6 7. Be3 Ng4 {[%emt 0:00:35] B36: Sicilian: Maroczy Bind: Gurgenidze System} (7... Bg7 8. Be2 O-O 9. O-O Bd7 10. Qd2 Nxd4 11. Bxd4 {½-½ (11) Pancevski,F (2469)-Stojanovski,D (2442) Kraljevo 2014}) 8. Nc2 Nxe3 9. Nxe3 Bg7 10. Qd2 O-O 11. Be2 Nd4 12. Bd3 $146 ({Predecessor:} 12. O-O Bd7 13. Rfd1 Nxe2+ 14. Nxe2 Bc6 15. Ng3 h5 {½-½ (46) Sekulovic,A (2123)-Nesic,D (2068) Belgrade 2018}) 12... Bd7 13. O-O f5 14. exf5 gxf5 15. Nc2 Nxc2 16. Bxc2 Bc6 17. Rad1 Qe8 18. Nd5 e6 19. Rfe1 Qf7 (19... Bxd5 $5 20. cxd5 e5 $11) 20. Nb4 Rad8 21. Nxc6 bxc6 22. Ba4 c5 23. Qe2 Be5 24. Bc6 Qf6 25. b3 Qh6 26. h3 Qf4 27. Qf3 Qh6 28. Rd3 Kh8 29. Qe2 Rf6 30. Re3 Rg8 31. Kf1 (31. Rxe5 $14 dxe5 32. Qxe5) 31... Qh4 32. Qc2 Rgg6 33. Be8 Rg8 (33... Rg7 $15) 34. Bc6 Rfg6 35. a3 Qh6 36. b4 ({White should play} 36. Rxe5 $15 dxe5 37. Qc3) 36... Bd4 37. Rb3 e5 38. Bd5 Rf8 39. bxc5 dxc5 40. Rb7 {[%emt 0:00:00] [#]} Qf4 $1 41. Reb1 e4 42. Rb8 $19 (42. Qe2 $15) 42... Rxb8 0-1

[Event "75th ARM-ch Women 2020"]
[Site "Yerevan"]
[Date "2020.01.14"]
[Round "3.1"]
[White "Khachatryan, Veronika"]
[Black "Arakelyan, Nare"]
[Result "0-1"]
[ECO "D00"]
[WhiteElo "1905"]
[BlackElo "1913"]
[Annotator "NA"]
[PlyCount "96"]
[EventDate "2020.01.12"]
[EventType "tourn"]
[EventCountry "ARM"]
[SourceTitle "playchess.com"]
[Source "ChessBase"]
[SourceQuality "1"]
[TimeControl "40/5400+30:1800+30"]

1. d4 d5 2. Bf4 Nf6 3. e3 Bf5 4. Nf3 e6 5. Ne5 Bd6 6. Be2 {[%emt 0:03:03] D02: 1 d4 d5 2 Nf3 sidelines, including 2...Nf6 3 g3 and 2...Nf6 3 Bf4} O-O (6... Nfd7 7. Nf3 Bxf4 8. exf4 O-O 9. O-O c5 10. dxc5 Nxc5 11. Nd4 Bg6 12. Nd2 Qf6 13. N2b3 Nxb3 14. axb3 Qxf4 {1-0 (42) Gholami,A (2542)-Wen,Y (2586) Qingdao 2019}) 7. g4 Be4 8. f3 Bg6 $1 9. h4 h6 ({Better is} 9... h5 $1 $14) 10. Nxg6 ({Better is} 10. h5 $16 Bh7 11. g5 hxg5 12. Bxg5) 10... fxg6 11. Be5 $146 ({White should try} 11. Bxd6 $14 Qxd6 12. g5 hxg5 13. hxg5 Qg3+ 14. Kd2 Qxg5 15. Qg1 Qxg1 16. Rxg1) ({Predecessor:} 11. Bd3 Qe8 12. Bxd6 cxd6 13. c3 {1-0 (40) Thiem,S (1424)-Walk,C (1274) Prichsenstadt 2006}) 11... Nc6 (11... c5 $11) 12. f4 $1 Ne4 13. Bd3 ({Better is} 13. Bxd6 $15 cxd6 14. Nc3) 13... Nxe5 14. dxe5 {[%emt 0:00:17] [#]} Bxe5 $1 15. Bxe4 Bxb2 16. Bxg6 Bxa1 17. g5 d4 18. gxh6 dxe3 19. Qg4 Qd6 20. O-O Bd4 21. Kg2 gxh6 22. Kh3 Kh8 23. Qh5 Bg7 24. Bd3 Rf6 (24... Rxf4 $142 25. Qg6 Kg8 26. Qh7+ Kf8) 25. Nc3 Qf8 26. Qg4 e5 27. Nd5 {[%emt 0:00:40] [#]} (27. f5 $142) 27... h5 $2 (27... e4 $1 $19 28. Bxe4 Rf7 29. Nxe3 Re8) 28. Qxh5+ $2 (28. Qg5 $11 {and White has nothing to worry.}) 28... Rh6 29. Qg4 e4 30. Bxe4 Re8 31. f5 c6 32. Nxe3 Bf6 33. Ng2 Qa3+ 34. Bd3 Rg8 (34... Qxa2 $19 {is more deadly.} 35. Rf3 Qa1) 35. Qf4 Kh7 36. Qc7+ $2 (36. Rf3 $17 Qc5 37. Rg3 Rxg3+ 38. Qxg3) 36... Rg7 37. Qf4 Qf8 $2 (37... Qxa2 $19 {has better winning chances.} 38. Rf3 Qa1) 38. Rf2 $2 (38. Rf3 $17) 38... Rg8 39. Bc4 {[%emt 0:00:23] [#]} Rg7 ({Black should play} 39... Rg5 $1 $17 40. Rf3 Qg7) 40. Bd3 $1 Qf7 41. Bc4 Qe7 $19 42. Bd3 Qa3 43. Re2 Qxa2 44. Re8 Qd5 45. Bf1 Rxh4+ 46. Qxh4+ Bxh4 47. Kxh4 Qd4+ 48. Kh3 Qg1 0-1

[Event "75th ARM-ch Women 2020"]
[Site "Yerevan"]
[Date "2020.01.14"]
[Round "3.2"]
[White "Kursova, Maria"]
[Black "Gevorgyan, Maria"]
[Result "0-1"]
[ECO "A65"]
[WhiteElo "2241"]
[BlackElo "2187"]
[Annotator "ChessBase"]
[PlyCount "74"]
[EventDate "2020.01.12"]
[EventType "tourn"]
[EventCountry "ARM"]
[SourceTitle "playchess.com"]
[Source "ChessBase"]
[SourceQuality "1"]
[TimeControl "40/5400+30:1800+30"]

1. d4 Nf6 2. c4 c5 3. d5 e6 4. Nc3 exd5 5. cxd5 d6 6. e4 g6 7. h3 Bg7 8. Nf3 a6 9. a4 Nh5 10. Be2 Nd7 11. Bg5 Bf6 12. Be3 Ng7 13. O-O O-O 14. Qd2 Qe7 15. Bd3 b6 16. Rfe1 Bb7 17. Rab1 Rac8 18. b3 Rfe8 19. Rbc1 Ne5 20. Nxe5 Bxe5 21. f4 Bd4 22. Bxd4 cxd4 23. Ne2 Rxc1 24. Qxc1 f5 25. Nxd4 Bxd5 26. Bc4 Bxc4 27. Qxc4+ Kh8 28. Nf3 fxe4 29. Ng5 b5 30. axb5 axb5 31. Qd5 h6 32. Nxe4 Nf5 33. Kh2 Qe6 34. Qxb5 Re7 35. Re2 Nd4 36. Qb8+ Re8 37. Nxd6 Rxb8 0-1

[Event "75th ARM-ch Women 2020"]
[Site "Yerevan"]
[Date "2020.01.14"]
[Round "3.4"]
[White "Khachatryan, Anna"]
[Black "Avetisyan, Mariam"]
[Result "1/2-1/2"]
[ECO "A46"]
[WhiteElo "2051"]
[BlackElo "2163"]
[Annotator "ChessBase"]
[PlyCount "72"]
[EventDate "2020.01.12"]
[EventType "tourn"]
[EventCountry "ARM"]
[SourceTitle "playchess.com"]
[Source "ChessBase"]
[SourceQuality "1"]
[TimeControl "40/5400+30:1800+30"]

1. d4 Nf6 2. Nf3 e6 3. Bf4 Be7 4. e3 d5 5. Nbd2 Nbd7 6. Bd3 c5 7. c3 O-O 8. Ne5 b6 9. Nc6 Qe8 10. Nxe7+ Qxe7 11. O-O Bb7 12. Nf3 Ne4 13. h3 Rfd8 14. Bh2 f6 15. Qc2 f5 16. a4 a5 17. Rfb1 Rdc8 18. Qe2 Nd6 19. Ne5 Nxe5 20. Bxe5 Nf7 21. Bh2 g6 22. Qd2 Ba6 23. Bxa6 Rxa6 24. Qe2 c4 25. b3 Nd6 26. Bxd6 Qxd6 27. bxc4 Rxc4 28. Rb3 Qc6 29. Qb2 Kf7 30. h4 Ke7 31. h5 Kd7 32. hxg6 hxg6 33. g3 Kc7 34. Qa3 Qd6 35. Qxd6+ Kxd6 36. Kf1 Kd7 1/2-1/2

[Event "75th ARM-ch Women 2020"]
[Site "Yerevan"]
[Date "2020.01.14"]
[Round "3.5"]
[White "Ambarjyan, Tereza"]
[Black "Hakobyan, Astghik"]
[Result "1/2-1/2"]
[ECO "C01"]
[WhiteElo "1514"]
[BlackElo "1917"]
[Annotator "NA"]
[PlyCount "173"]
[EventDate "2020.01.12"]
[EventType "tourn"]
[EventCountry "ARM"]
[SourceTitle "playchess.com"]
[Source "ChessBase"]
[SourceQuality "1"]
[TimeControl "40/5400+30:1800+30"]

1. e4 e6 2. d4 d5 3. exd5 exd5 4. Nf3 Bd6 5. c4 c6 6. Nc3 Ne7 7. h3 {[%emt 0:07:37] C01: French: Exchange Variation} (7. Bd3 dxc4 8. Bxc4 O-O 9. h3 Nd7 10. O-O Nb6 11. Bb3 Ned5 12. Re1 Bf5 13. Ne5 Bxe5 14. Rxe5 Qd7 15. Qf3 {1-0 (44) Carlsen,M (2832)-Jobava,B (2707) Leuven 2017}) 7... O-O 8. Be2 Bf5 $146 ({Predecessor:} 8... h6 9. O-O Be6 10. cxd5 Nxd5 11. Re1 Nd7 12. Ne4 Be7 13. Ne5 Nxe5 14. dxe5 {0-1 (30) Pires,G (2145)-Berg,E (2539) Porto 2013}) 9. O-O h6 10. Ne5 Bxe5 11. dxe5 d4 12. Nb1 Ng6 (12... d3 $15 13. Bg4 Qd4) 13. f4 $1 d3 14. Bg4 Qd4+ 15. Kh2 Bxg4 16. Qxg4 Qxc4 17. Nd2 Qd5 18. Nf3 Nd7 19. h4 Rad8 20. Bd2 Rfe8 (20... Ne7 $17 21. b4 Rfe8) 21. h5 Ne7 22. Rfe1 Qe6 (22... f5 $17 23. Qh4 c5) 23. Qh4 ({Better is} 23. Qxe6 $15 fxe6 24. Rac1) 23... Nb6 24. b3 Nf5 25. Qf2 Qd5 26. Rad1 Nd4 (26... c5 $17) 27. Nh4 (27. Nxd4 $1 $11 {remains equal.} Qxd4 28. Qxd4 Rxd4 29. Kg3) 27... Nd7 28. Qg3 Ne2 29. Qg4 Nxe5 30. fxe5 Qxe5+ 31. g3 Qd4 32. Qxd4 Rxd4 33. Ng2 Re6 34. Nf4 Nxf4 35. Bxf4 Rd5 36. Rxe6 fxe6 37. g4 c5 38. Kg3 b5 39. Kf3 c4 40. Bd2 Kf7 41. Bc3 (41. bxc4 $18 {has better winning chances.} bxc4 42. Ke4) 41... g6 42. hxg6+ Kxg6 43. Rd2 h5 44. gxh5+ Rxh5 45. Ke4 Rd5 46. Rf2 Kg5 47. Ke3 Rd6 ({Black should try} 47... Rd7) 48. Bd2 Kg6 49. Bc3 Kg5 50. Rf8 ({White should play} 50. bxc4 bxc4 51. Rg2+ Kf5 52. Rf2+ Kg5 53. a4) 50... Ra6 $11 51. Rg8+ Kf5 {[%emt 0:00:32] [#]} (51... Kh6 $16 {might work better.}) 52. Rf8+ $2 ({White must play} 52. Rb8 $1 $18) 52... Kg6 53. Rg8+ Kf7 54. Rg7+ Ke8 55. Rg2 Kd7 56. Kd4 Rd6+ 57. Kc5 Rd5+ 58. Kb4 a5+ (58... cxb3 $11 {keeps the balance.} 59. axb3 (59. Kxb3 e5 $14) 59... e5) 59. Kxa5 cxb3 60. axb3 e5 61. Bd2 $16 e4 62. Kb4 Ke6 63. Be3 Rf5 64. Kc3 Rf3 65. Kd4 Rf1 66. Kxe4 Rb1 67. Kxd3 Rxb3+ 68. Ke4 Rb1 69. Rg6+ Kf7 70. Rb6 Ke7 71. Kd5 Rb3 72. Bd4 Kf7 73. Ke5 Rb1 74. Rf6+ Ke7 75. Kd5 b4 76. Rb6 Kf7 77. Rb7+ Kg6 78. Ke4 b3 79. Rg7+ Kh6 80. Rg2 Kh7 81. Kd3 Kh6 82. Bb2 Rh1 83. Rg3 Kh5 84. Kc3 Kh4 85. Rg8 Rh3+ 86. Kc4 Rg3 87. Kd4 1/2-1/2

[Event "75th ARM-ch Women 2020"]
[Site "Yerevan"]
[Date "2020.01.15"]
[Round "4.1"]
[White "Avetisyan, Mariam"]
[Black "Gevorgyan, Maria"]
[Result "0-1"]
[ECO "A48"]
[WhiteElo "2163"]
[BlackElo "2187"]
[Annotator "ChessBase"]
[PlyCount "78"]
[EventDate "2020.01.12"]
[EventType "tourn"]
[EventCountry "ARM"]
[SourceTitle "playchess.com"]
[Source "ChessBase"]
[SourceQuality "1"]
[TimeControl "40/5400+30:1800+30"]

1. d4 Nf6 2. Nf3 g6 3. Bf4 d6 4. h3 Bg7 5. e3 O-O 6. Be2 Nc6 7. O-O e5 8. Bh2 Ne4 9. c3 Qe7 10. Na3 Kh8 11. Nc4 f5 12. Re1 g5 13. Nfd2 Nf6 14. b4 e4 15. Qa4 Bd7 16. Qa3 Qf7 17. Rf1 Qg6 18. Qc1 h5 19. Kh1 Bh6 20. Nb3 h4 21. b5 Ne7 22. Nb2 Rg8 23. Rg1 Rg7 24. c4 g4 25. Bf4 Bxf4 26. exf4 Rag8 27. c5 Qh6 28. Nc4 gxh3 29. cxd6 hxg2+ 30. Kh2 cxd6 31. Nxd6 Nfd5 32. Nxb7 Qxf4+ 33. Qxf4 Nxf4 34. Bf1 gxf1=Q 35. Raxf1 Rg2+ 36. Rxg2 Rxg2+ 37. Kh1 Bxb5 38. Rg1 h3 39. N3a5 Be2 0-1

[Event "75th ARM-ch Women 2020"]
[Site "Yerevan"]
[Date "2020.01.15"]
[Round "4.2"]
[White "Khachatryan, Anna"]
[Black "Ambarjyan, Tereza"]
[Result "1-0"]
[ECO "A05"]
[WhiteElo "2051"]
[BlackElo "1514"]
[Annotator "NA"]
[PlyCount "57"]
[EventDate "2020.01.12"]
[EventType "tourn"]
[EventCountry "ARM"]
[SourceTitle "playchess.com"]
[Source "ChessBase"]
[SourceQuality "1"]
[TimeControl "40/5400+30:1800+30"]

1. Nf3 Nf6 2. g3 e6 3. Bg2 d5 4. O-O Be7 5. d3 O-O 6. Nbd2 b6 7. e4 Bb7 8. e5 Nfd7 9. Re1 c5 10. Nf1 Nc6 11. h4 Rc8 {[%emt 0:02:20] C00: French: Unusual White 2nd moves} 12. N1h2 Re8 13. c3 (13. Bf4 Nf8 14. h5 h6 15. Qd2 Nh7 16. c3 b5 17. Qe2 b4 18. c4 Nd4 19. Nxd4 cxd4 20. b3 {½-½ (82) Kokarev,D (2598)-Shuvalova,P (2441) Khanty-Mansiysk 2018}) 13... b5 14. Bf4 Nb6 $146 ({Predecessor:} 14... Bf8 15. Ng5 h6 16. Ngf3 b4 17. h5 Ba6 18. Bf1 bxc3 19. bxc3 Qa5 20. Rc1 {0-1 (54) Giffard,N (2390)-Borne,N (2315) Cannes 1995}) 15. Ng5 h6 16. Qh5 hxg5 17. hxg5 Nd7 18. Ng4 $1 Nf8 (18... g6 $11 19. Qh4 Bf8) 19. Kh2 Ng6 20. Rh1 Nxf4 21. gxf4 Bxg5 22. fxg5 Kf8 23. Qh8+ Ke7 24. Qxg7 Rh8+ 25. Kg3 Rg8 26. Qf6+ $18 Kd7 (26... Ke8 $142 27. f4 Qe7) 27. Qxf7+ Ne7 28. Nf6+ Kc6 29. Qxe6+ 1-0

[Event "75th ARM-ch Women 2020"]
[Site "Yerevan"]
[Date "2020.01.15"]
[Round "4.3"]
[White "Hakobyan, Astghik"]
[Black "Gaboyan, Susanna"]
[Result "1/2-1/2"]
[ECO "B33"]
[WhiteElo "1917"]
[BlackElo "2205"]
[Annotator "ChessBase"]
[PlyCount "149"]
[EventDate "2020.01.12"]
[EventType "tourn"]
[EventCountry "ARM"]
[SourceTitle "playchess.com"]
[Source "ChessBase"]
[SourceQuality "1"]
[TimeControl "40/5400+30:1800+30"]

1. e4 c5 2. Nf3 Nc6 3. d4 cxd4 4. Nxd4 Nf6 5. Nc3 e5 6. Ndb5 d6 7. Bg5 a6 8. Na3 b5 9. Nd5 Be7 10. Bxf6 Bxf6 11. c4 Nd4 12. cxb5 Bb7 13. Bc4 axb5 14. Nxb5 Bxd5 15. exd5 Qa5+ 16. Nc3 Qb4 17. Bb3 O-O 18. O-O Rfb8 19. Qd2 g6 20. Ne4 Be7 21. Qxb4 Rxb4 22. Nd2 Rc8 23. Rfd1 Bg5 24. Nf3 Nxb3 25. axb3 Bh6 26. Nd2 Bxd2 27. Rxd2 Rxb3 28. Kf1 Rb6 29. Ke2 Rc5 30. Ra8+ Kg7 31. Rd8 Rcb5 32. Ke1 Kf6 33. Rd7 h5 34. h4 e4 35. Re2 Rxb2 36. Rxb2 Rxb2 37. Rxd6+ Ke5 38. Rd7 f5 39. g3 Rb5 40. Kf1 Rxd5 41. Re7+ Kf6 42. Ra7 Rd6 43. Ra5 g5 44. hxg5+ Kxg5 45. Ra8 Kg4 46. Kg2 Rg6 47. Ra4 Kg5 48. f3 Re6 49. fxe4 fxe4 50. Kf2 Kg4 51. Ra5 Rf6+ 52. Ke3 Rf5 53. Ra8 Re5 54. Rg8+ Rg5 55. Ra8 Kxg3 56. Kxe4 h4 57. Ra3+ Kg4 58. Ke3 Kg3 59. Ke4+ Kh2 60. Ra8 Rg3 61. Kf4 h3 62. Ra2+ Rg2 63. Ra3 Rg7 64. Ra2+ Kh1 65. Kf3 Rg2 66. Ra1+ Kh2 67. Ra8 Rb2 68. Ra7 Rb3+ 69. Kf2 Rb6 70. Rf7 Kh1 71. Rf3 h2 72. Rf7 Rb2+ 73. Kf1 Ra2 74. Rf6 Rf2+ 75. Kxf2 1/2-1/2

[Event "75th ARM-ch Women 2020"]
[Site "Yerevan"]
[Date "2020.01.15"]
[Round "4.4"]
[White "Arakelyan, Nare"]
[Black "Kursova, Maria"]
[Result "1-0"]
[ECO "B33"]
[WhiteElo "1913"]
[BlackElo "2241"]
[Annotator "ChessBase"]
[PlyCount "101"]
[EventDate "2020.01.12"]
[EventType "tourn"]
[EventCountry "ARM"]
[SourceTitle "playchess.com"]
[Source "ChessBase"]
[SourceQuality "1"]
[TimeControl "40/5400+30:1800+30"]

1. e4 c5 2. Nf3 Nc6 3. d4 cxd4 4. Nxd4 Nf6 5. Nc3 e5 6. Ndb5 d6 7. Bg5 a6 8. Na3 b5 9. Nd5 Be7 10. Bxf6 Bxf6 11. c3 Rb8 12. Nc2 Bg5 13. a4 bxa4 14. Ncb4 Nxb4 15. Nxb4 Bb7 16. Qxa4+ Kf8 17. Bd3 g6 18. O-O Kg7 19. Rfd1 Qc7 20. f3 Ra8 21. Qa5 Be3+ 22. Kh1 Bb6 23. Qa2 a5 24. Nc2 Bc5 25. Bc4 Rhb8 26. Bd5 Ra7 27. Na3 Bc8 28. Nc4 a4 29. Qb1 Bd7 30. Qc1 Bb5 31. Ne3 Bd7 32. Ra2 Bxe3 33. Qxe3 Ra5 34. h3 Rab5 35. Rd2 Qc5 36. Qd3 R5b6 37. Qf1 a3 38. b3 Qxc3 39. Rdc2 Qb4 40. Rc7 Be8 41. Ra7 Rc8 42. f4 exf4 43. Qxf4 Qc3 44. Kh2 Rc7 45. R2xa3 Qc5 46. Ra2 Rb8 47. R7a5 Qb4 48. Ra6 Rd8 49. Rf2 Kg8 50. Qf6 Rcd7 51. Bc6 1-0

[Event "75th ARM-ch Women 2020"]
[Site "Yerevan"]
[Date "2020.01.15"]
[Round "4.5"]
[White "Ghukasyan, Siranush"]
[Black "Khachatryan, Veronika"]
[Result "1-0"]
[ECO "B31"]
[WhiteElo "2246"]
[BlackElo "1905"]
[Annotator "ChessBase"]
[PlyCount "65"]
[EventDate "2020.01.12"]
[EventType "tourn"]
[EventCountry "ARM"]
[SourceTitle "playchess.com"]
[Source "ChessBase"]
[SourceQuality "1"]
[TimeControl "40/5400+30:1800+30"]

1. e4 c5 2. Nf3 Nc6 3. Bb5 g6 4. Bxc6 dxc6 5. d3 Bg7 6. h3 Nf6 7. Nc3 Nd7 8. Be3 e5 9. Qd2 h6 10. O-O Qe7 11. Nh2 Nf8 12. f4 exf4 13. Bxf4 Ne6 14. Bg3 Nd4 15. Rae1 O-O 16. e5 Bf5 17. Ne4 Bxe4 18. Rxe4 h5 19. Bh4 Qd7 20. Bf6 Rae8 21. g4 h4 22. c3 Nb5 23. Nf3 Nc7 24. Nxh4 Re6 25. Rf3 Ne8 26. g5 Qd5 27. c4 Qd7 28. Ng2 Nc7 29. Qf2 b6 30. Qh4 Rfe8 31. Bxg7 Kxg7 32. Qh6+ Kg8 33. Rh4 1-0

[Event "75th ARM-ch Women 2020"]
[Site "Yerevan"]
[Date "2020.01.16"]
[Round "5.2"]
[White "Kursova, Maria"]
[Black "Ghukasyan, Siranush"]
[Result "1-0"]
[ECO "D10"]
[WhiteElo "2241"]
[BlackElo "2246"]
[Annotator "RC"]
[PlyCount "67"]
[EventDate "2020.01.12"]
[EventType "tourn"]
[EventCountry "ARM"]
[SourceTitle "playchess.com"]
[Source "ChessBase"]
[SourceQuality "1"]
[TimeControl "40/5400+30:1800+30"]

1. d4 d5 2. c4 c6 3. Nc3 Nf6 4. cxd5 cxd5 5. Bf4 Nc6 6. Rc1 Bf5 7. e3 e6 8. Qb3 Bb4 9. a3 Bxc3+ 10. Rxc3 O-O 11. Qxb7 Na5 12. Qa6 Rc8 13. f3 Rxc3 14. bxc3 Nc4 15. Bxc4 dxc4 16. e4 Nh5 17. Bd6 Qg5 18. Ne2 Qxg2 19. Rg1 Qxf3 20. exf5 Qe3 21. f6 Re8 22. Qc6 Rd8 23. fxg7 Nf6 24. Rg3 Qe4 25. Qxe4 Nxe4 26. Bc7 Rd7 27. Re3 f5 28. Be5 Rb7 29. Rxe4 fxe4 30. Ng3 Rb3 31. Nxe4 Rxa3 32. Nd6 Rb3 33. Nc8 Rb7 34. Bf6 1-0